 Dungeon Crawl Stone Soup version 0.30.1-11-g7821555f0a (webtiles) character file.

Game seed: 10948443515718135113

7091 Eitelfritz the Severer (level 11, -3/85 HPs)
             Began as a Hill Orc Fighter on Dec 28, 2023.
             Was an Elder of Hepliaklqana.
             Slain by Harold
             ... wielding a +2 trident of protection
              (7 damage)
             ... on level 10 of the Dungeon.
             The game lasted 00:17:59 (7788 turns).

Eitelfritz the Severer (Hill Orc Fighter)           Turns: 7788, Time: 00:18:00

Health: -3/85      AC: 13    Str: 22    XL:     11   Next: 9%
Magic:  15/15      EV: 14    Int: 10    God:    Hepliaklqana [****..]
Gold:   568        SH:  5    Dex: 10    Spells: 10/10 levels left

rFire   . . .        a - +0 war axe
rCold   + . .        c - +0 buckler
rNeg    . . .        h - +1 chain mail {rC+}
rPois   +            m - +0 helmet
rElec   .            r - scarf {shadows}
rCorr   .            (no gloves)
SInv    .            (no boots)
Will    .....        (no amulet) Stlth
                     f - +5 ring of evasion
HPRegen 0.34/turn    k - ring of poison resistance
MPRegen 0.14/turn

%: no passive effects
@: mighty, hasted, invisible, very quick
A: reduced essence
a: Renounce Religion, Recall Ancestor, Ancestor Identity, Transference, Idealise


You were on level 10 of the Dungeon.
You worshipped Hepliaklqana.
Hepliaklqana was greatly pleased with you.
You visited 2 branches of the dungeon, and saw 11 of its levels.
You visited the Abyss 1 time.

You collected 568 gold pieces.

Inventory:

Hand Weapons
 a - a +0 war axe (weapon)
 b - a +0 sling
 C - a +4 flail
 E - a +1 scimitar of flaming
Missiles
 i - 6 boomerangs (quivered)
 u - 15 poisoned darts
 w - a throwing net
 z - 5 datura-tipped darts
Armour
 c - a +0 buckler (worn)
 h - a +1 chain mail of cold resistance (worn)
 m - a +0 helmet (worn)
 r - a scarf of shadows (worn)
Jewellery
 f - a +5 ring of evasion (left hand)
 k - a ring of poison resistance (right hand)
 p - a ring of fire
 s - a ring of fire
Wands
 y - a wand of polymorph (7)
 G - a wand of iceblast (12)
Scrolls
 o - 2 scrolls of identify
 q - a scroll of fear
 t - 6 scrolls of teleportation
 v - a scroll of amnesia
 B - a scroll of silence
Potions
 d - a potion of might
 e - a potion of mutation
 g - a potion of lignification
 j - 2 potions of attraction
 n - a potion of cancellation
 F - 2 potions of resistance


   Skills:
 + Level 8.6 Fighting
 + Level 17.8 Axes
 + Level 9.2 Armour
 + Level 2.3 Dodging
 + Level 2.4 Stealth
 + Level 6.0 Shields
 + Level 6.0 Invocations


You had 10 spell levels left.
You didn't know any spells.
Your spell library contained the following spells:

 Spells                   Type           Power      Damage    Failure   Level
 Blink                    Tloc           0%         N/A       98%         2
 Dazzling Flash           Conj/Hex       0%         N/A       100%        3
 Inner Flame              Hex/Fire       0%         N/A       100%        3
 Flame Wave               Conj/Fire      0%         2d4       100%        4
 Manifold Assault         Tloc           0%         N/A       100%        4
 Sticky Flame             Conj/Fire      0%         2d3       100%        4
 Agony                    Necr           0%         N/A       100%        5
 Silence                  Hex/Air        0%         N/A       100%        5
 Storm Form               Tmut/Air       0%         N/A       100%        7


Dungeon Overview and Level Annotations

Branches:
Dungeon (10/15)            Temple (1/1) D:4
   Lair: D:8-11         Orc: D:9-12

Altars:
Ashenzari
Cheibriados
Dithmenos
Elyvilon
Fedhas
Gozag
Hepliaklqana
Kikubaaqudgha
Makhleb
Nemelex Xobeh
Okawaru
Qazlal
Ru
Sif Muna
Trog
Uskayaw
Vehumet
Wu Jian
Xom
Yredelemnul
Zin
The Shining One

Annotations:
D:10 Harold


Message History

Unknown command.
You slash the orc knight!
The orc knight is heavily wounded.
You barely miss something. You slash the kobold demonologist!
Something hits you!!
* * * LOW HITPOINT WARNING * * *
Marzanna points at the orc knight and mumbles some strange words.
The stone arrow hits the orc knight!
You feel better.
The kobold demonologist barely misses you.
The orc knight hits Marzanna with a +0 long sword.
Unknown command.
The orc knight blocks your attack.
The orc knight is severely wounded.
You completely miss something.
You barely miss the kobold demonologist.
You hear some strange, mumbled words.
A shard of ice appears from out of thin air!
The shard of ice hits you! You partially resist.
* * * LOW HITPOINT WARNING * * *
Marzanna hits the orc knight with a +0 quarterstaff!
You fade into invisibility!
The kobold demonologist casts a spell.
The orc knight hits Marzanna with a +0 long sword!!
Something hits you.
* * * LOW HITPOINT WARNING * * *
Unknown command.
You hit the orc knight.
The orc knight is almost dead.
You closely miss something.
You catch the helpless kobold demonologist completely off-guard!
You slice the kobold demonologist!!
You kill the kobold demonologist!
The ufetubus disappears in a puff of smoke!
The shadow imp disappears in a puff of smoke!
You slash something!
Marzanna hits the orc knight with a +0 quarterstaff!!
The orc knight dies!
Harold hits you from afar with a +2 trident of protection!
You die...

#........#
#........#
#........#
#........#
#........#
#........#
#........#
#...){...#
#..R@.§..#
#.§{)....#
###...@K...#
#....K.......
#.#...........
#.............
#.............
#...###@.....
#...#(#.....


You could see the friendly Marzanna the battlemage, Harold (unable to see you),
a kobold demonologist (unable to see you) and a kobold (unable to see you).

Vanquished Creatures
  2 two-headed ogres
  A kobold demonologist (D:10)
  A troll (D:9)
  2 yaks (D:9)
  A chaos spawn (Abyss:3)
  An acid dragon (D:9)
  3 orc warriors
  An ogre (D:6)
  2 centaurs (D:6)
  2 phantoms (D:6)
  A bullfrog (D:6)
  A kobold brigand (D:9)
  2 scorpions
  5 wights
  3 killer bees (D:10)
  2 hounds
  2 jellies (D:6)
  3 orc priests (D:9)
  4 iguanas
  A sleepcap (D:5)
  Jessica (D:2)
  An orc wizard (D:4)
  A mummy (D:4)
  Robin (D:3)
  A gnoll (D:7)
  7 adders
  2 shadow imps (D:6)
  A white imp (D:7)
  An ufetubus (D:6)
  A worm (D:2)
  3 dart slugs
  21 orcs
  4 bats
  4 endoplasms
  3 giant cockroaches
  7 goblins
  8 hobgoblins
  4 jackals (D:1)
  6 quokkas
  9 ball pythons
  3 frilled lizards
  18 kobolds
  4 rats
151 creatures vanquished.

Vanquished Creatures (collateral kills)
  Erica (D:8)
  A deep elf zephyrmancer (D:9)
  An orc knight (D:10)
  A yak (D:9)
  Menkaure (D:7)
  A water moccasin (D:5)
  An orc warrior (D:9)
  A sky beast (D:6)
  An ice beast (D:5)
  An ogre (D:6)
  A centaur (D:9)
  2 kobold brigands
  3 scorpions
  2 bullfrogs (D:8)
  4 wights (D:8)
  3 killer bees (D:10)
  A howler monkey (D:5)
  2 hounds
  A jelly (D:6)
  2 orc priests
  A gnoll bouda (D:7)
  An iguana (D:4)
  3 orc wizards
  2 gnolls (D:7)
  5 adders
  16 orcs
  An endoplasm (D:3)
  A goblin (D:3)
  2 hobgoblins
  8 kobolds
71 creatures vanquished.

Vanquished Creatures (others)
  A wizard (D:10)
  2 battlemagi
3 creatures vanquished.

Grand Total: 225 creatures vanquished

Notes
Turn   | Place    | Note
-------+----------+-------------------------------------------
     0 | D:1      | Eitelfritz the Hill Orc Fighter began the quest for the
                  | Orb.
     0 | D:1      | Reached XP level 1. HP: 19/19 MP: 1/1
   177 | D:1      | Reached XP level 2. HP: 27/27 MP: 2/2
   277 | D:1      | Reached skill level 3 in Axes
   577 | D:2      | Reached XP level 3. HP: 15/33 MP: 3/3
   874 | D:2      | Reached XP level 4. HP: 41/41 MP: 4/4
   948 | D:2      | Found a faded altar of an unknown god.
   975 | D:2      | Noticed Jessica
   981 | D:2      | Prayed at the altar of an unknown god.
   981 | D:2      | Became a worshipper of Hepliaklqana the Forgotten
   981 | D:2      | Reached * piety under Hepliaklqana
   985 | D:2      | Killed Jessica
  1162 | D:3      | Found an ancient bone altar of Kikubaaqudgha.
  1192 | D:3      | Reached XP level 5. HP: 32/42 MP: 5/5
  1274 | D:3      | Reached skill level 4 in Axes
  1433 | D:3      | Noticed Robin
  1444 | D:3      | Killed Robin
  1887 | D:4      | Reached skill level 1 in Invocations
  1936 | D:4      | Found a snail-covered altar of Cheibriados.
  1944 | D:4      | Reached XP level 6. HP: 47/47 MP: 6/6
  1997 | D:4      | Found a staircase to the Ecumenical Temple.
  2007 | D:4      | Reached skill level 5 in Axes
  2014 | Temple   | Entered the Ecumenical Temple
  2564 | D:4      | Reached skill level 1 in Dodging
  2807 | D:5      | Entered Level 5 of the Dungeon
  2852 | D:5      | Reached ** piety under Hepliaklqana
  2884 | D:5      | Remembered your ancestor Marzanna as a battlemage
  2902 | D:5      | Noticed a water moccasin
  2907 | D:5      | Killed a water moccasin
  2908 | D:5      | Reached skill level 6 in Axes
  2908 | D:5      | Reached XP level 7. HP: 44/54 MP: 7/9
  2914 | D:5      | Reached skill level 5 in Armour
  3195 | D:5      | Reached skill level 5 in Fighting
  3195 | D:5      | Reached skill level 7 in Axes
  3386 | D:5      | Reached XP level 8. HP: 61/61 MP: 11/11
  3400 | D:5      | Reached skill level 8 in Axes
  3960 | D:6      | Reached skill level 9 in Axes
  3963 | D:6      | Reached skill level 5 in Invocations
  4065 | D:6      | Reached skill level 10 in Axes
  4423 | D:6      | Reached skill level 11 in Axes
  4423 | D:6      | Reached skill level 1 in Stealth
  4423 | D:6      | Reached XP level 9. HP: 63/67 MP: 13/13
  4812 | D:7      | Reached *** piety under Hepliaklqana
  4925 | D:7      | Reached skill level 12 in Axes
  4925 | D:7      | Reached skill level 5 in Shields
  5023 | D:7      | Noticed Menkaure
  5030 | D:7      | Killed Menkaure
  5094 | D:7      | Found a sparkling altar of Nemelex Xobeh.
  5142 | D:7      | Found an ornate altar of the Wu Jian Council.
  5429 | D:8      | Noticed Erica
  5437 | D:8      | Killed Erica
  5438 | D:8      | Reached skill level 13 in Axes
  5503 | D:8      | Reached skill level 14 in Axes
  5701 | D:8      | Found a white marble altar of Elyvilon.
  5713 | D:8      | Found a stormy altar of Qazlal.
  6046 | D:8      | Reached XP level 10. HP: 68/77 MP: 14/14
  6053 | D:8      | Noticed a two-headed ogre
  6061 | D:8      | Reached skill level 15 in Axes
  6061 | D:8      | Killed a two-headed ogre
  6188 | D:8      | Reached **** piety under Hepliaklqana
  6515 | D:9      | Reached skill level 16 in Axes
  6533 | D:9      | Noticed a two-headed ogre
  6543 | D:9      | Killed a two-headed ogre
  6803 | D:9      | Reached skill level 17 in Axes
  7486 | D:9      | Noticed a deep elf zephyrmancer
  7494 | D:9      | Killed a deep elf zephyrmancer
  7549 | D:10     | Entered Level 10 of the Dungeon
  7647 | D:10     | Reached XP level 11. HP: 84/84 MP: 15/15
  7700 | D:10     | Noticed a wizard
  7701 | D:10     | Noticed a deep elf knight
  7703 | D:10     | Noticed a wizard
  7703 | D:10     | Noticed a +4 long sword
  7705 | D:10     | Killed a wizard
  7705 | D:10     | Noticed an orc knight
  7711 | D:10     | Noticed Harold
  7714 | Abyss:3  | Cast into level 3 of the Abyss (a wizard)
  7779 | D:10     | Escaped the Abyss
  7786 | D:10     | HP: 4/85 [something/shard of ice (11)]
  7788 | D:10     | Killed an orc knight
  7788 | D:10     | Slain by Harold

Illustrated notes

Levels and vault maps discovered:
D:1:      dpeg_chamrin_arrival_tetris, layout_rooms, grunt_decor_fettered
D:2:      layout_rooms, chequers_ecumenical_altar_island, uniq_jessica
D:3:      layout_loops_ring, mainiacjoe_overflow_small_starburst, uniq_robin
D:4:      layout_rooms, slow_altar_2, temple_statues
D:5:      layout_basic, minmay_manual_macuahuitl
D:6:      layout_loops_ring, hangedman_decor_clover_reticule,
          hangedman_decor_riveting
D:7:      layout_rooms, mainiacjoe_overflow_catch_the_wave, uniq_menkaure
D:8:      layout_basic, amethyst_overflow_temple_binary, serial_corexii_hall,
          chequers_hall_statues_corner_a, chequers_hall_statues_wall_a,
          grunt_decor_arrowhead, uniq_erica
D:9:      layout_long_grid, guppyfry_early_elven_hall
D:10:     layout_grid_maze, sword_in_stone
Temple:   minmay_temple_bridge_d

Skill      XL: |  1  2  3  4  5  6  7  8  9 10 11 |
---------------+----------------------------------+-----
Fighting       | 4 5 6 7 8 |  8.6
Axes           | 3 4 6 7 11 14 17 | 17.8
Armour         | 4 5 7 9 |  9.2
Shields        | 4 5 6 |  6.0
Invocations    | 1 2 4 5 6 |  6.0
Dodging        | 1 2 |  2.3
Stealth        | 1 2 |  2.4

Action                     |  1- 3 |  4- 6 |  7- 9 | 10-12 || total
---------------------------+-------+-------+-------+-------++-------
  Melee: War axe           |   108 |   165 |   155 |   102 ||   530
 Invoke: Ancestor Life: Ba |       |     1 |       |       ||     1
    Use: Scroll            |       |     9 |     8 |     3 ||    20
         Potion            |       |       |       |     5 ||     5
   Stab: Distracted        |       |       |     1 |     2 ||     3
         Invisible         |       |       |       |     1 ||     1
 Armour: Scale mail        |    17 |       |       |       ||    17
         Chain mail        |    27 |    63 |    55 |    20 ||   165
  Dodge: Dodged            |    79 |   109 |    95 |    32 ||   315
  Block: Buckler           |    28 |    33 |    34 |    12 ||   107
